 Dungeon Crawl Stone Soup version 0.27-a0-1144-g0b7d3b79db (webtiles) character file.

Game seed: 861157570871451006

2 psychosalad the Skirmisher (level 1, -2/20 HPs)
             Began as a Hill Orc Fighter on May 10, 2021.
             Slain by a kobold
             ... wielding a +0 short sword
              (3 damage)
             ... on level 1 of the Dungeon.
             The game lasted 00:00:20 (145 turns).

psychosalad the Skirmisher (Hill Orc Fighter)        Turns: 145, Time: 00:00:21

Health: -2/20      AC:  6    Str: 18    XL:     1   Next: 40%
Magic:  1/1        EV:  7    Int:  8    God:
Gold:   17         SH:  9    Dex: 10    Spells: 0/0 levels left

rFire    . . .     SeeInvis .   a - +0 rapier
rCold    . . .     Faith    .   c - +0 kite shield
rNeg     . . .     Spirit   .   b - +0 scale mail
rPois    .         Reflect  .   (no helmet)
rElec    .         Harm     .   (no cloak)
rCorr    .         Rampage  .   (no gloves)
Will     .....                  (no boots)
Stlth    ..........             (no amulet)
HPRegen  0.06/turn              (no ring)
MPRegen  0.07/turn              (no ring)

@: no status effects
A: no striking features
a: no special abilities


You were on level 1 of the Dungeon.
You visited 1 branch of the dungeon, and saw 1 of its levels.

You collected 17 gold pieces.

Inventory:

Hand Weapons
 a - a +0 rapier (weapon)
Armour
 b - a +0 scale mail (worn)
 c - a +0 kite shield (worn)
Potions
 d - a potion of might


   Skills:
 + Level 3.7 Fighting
 + Level 2.0 Short Blades
 + Level 3.3 Armour
 + Level 3.3 Shields


You couldn't memorise any spells.
You didn't know any spells.
Your spell library was empty.

Dungeon Overview and Level Annotations

Branches:
Dungeon (1/15)

Altars:


Message History

The kobold hits you with a +0 short sword.
The jackal bites you.
* * * LOW HITPOINT WARNING * * *
You block the kobold's attack. You block the jackal's attack.
You barely miss the jackal.
The jackal is severely wounded.
The jackal bites you.
* * * LOW HITPOINT WARNING * * *
The jackal bites you but does no damage.
You block the kobold's attack. The kobold hits you but does no damage.
The jackal bites you but does no damage.
The jackal completely misses you. The kobold hits you but does no damage.
Your shield prevents you from hitting the jackal.
The jackal is severely wounded.
You block the jackal's attack. The kobold hits you but does no damage.
The jackal barely misses you.
The jackal bites you but does no damage.
The kobold hits you with a +0 short sword.
* * * LOW HITPOINT WARNING * * *
The kobold hits you but does no damage. The jackal barely misses you.
You hit the jackal.
The jackal is almost dead.
The jackal bites you but does no damage. x2
The kobold hits you but does no damage. The kobold barely misses you.
The jackal bites you.
* * * LOW HITPOINT WARNING * * *
The jackal closely misses you.
You closely miss the jackal.
The jackal is severely wounded.
You block the jackal's attack. You block the kobold's attack.
You block the jackal's attack. The kobold completely misses you.
The jackal closely misses you. The kobold hits you but does no damage.
The kobold hits you with a +0 whip.
* * * LOW HITPOINT WARNING * * *
The jackal bites you but does no damage.
You barely miss the jackal.
The jackal is severely wounded.
You block the jackal's attack. The jackal barely misses you.
The kobold hits you with a +0 short sword.
You die...

#.# ..#$# #####.#
#.#.# #.....#
#.#.# #.#####
#.#.# #.# # #.#.#
#.# ... #.#.# #.#
.....#h#.######.#
.....gh@........#
..$..gKK#########
.....#### ....
... ##


You could see a gnoll, 2 jackals, a goblin and 2 kobolds.

Vanquished Creatures
  A goblin (D:1)
  A jackal (D:1)
2 creatures vanquished.

Notes
Turn   | Place    | Note
-------+----------+-------------------------------------------
     0 | D:1      | psychosalad the Hill Orc Fighter began the quest for the
                  | Orb.
     0 | D:1      | Reached XP level 1. HP: 19/19 MP: 1/1
   144 | D:1      | HP: 1/20 [kobold/+0 whip (1)]
   145 | D:1      | Slain by a kobold

Illustrated notes

Levels and vault maps discovered:
D:1:      roderic_chinese_lattice_arrival, layout_loops_ring,
          ebering_ecumenical_altar_petrified

Action                   || total
-------------------------++-------
Melee: Rapier            ||    16
Armor: Scale mail        ||    27
Dodge: Dodged            ||    13
Block: Kite shield       ||    21

Table legend: (Time is in decaauts)
 A = Elapsed time spent in this place.
 B = Non-inter-level travel time spent in this place.
 C = Inter-level travel time spent in this place.
 D = Time resting spent in this place.
 E = Time spent auto-exploring this place.
 F = Levels seen in this place.
 G = Mean time per level.
                   A        B        C        D        E       F      G
               +--------+--------+--------+--------+--------+-----+--------+
         Total |    150 |    150 |      0 |      0 |    124 |   1 |  150.0 |
       Dungeon |    150 |    150 |      0 |      0 |    124 |   1 |  150.0 |
               +--------+--------+--------+--------+--------+-----+--------+

Top non-repeatable levels by time:
     D:1: 150 daAuts
